 Dungeon Crawl Stone Soup version 0.27.1-33-g824d729ab1 (webtiles) character file.

Game seed: 3427326543412326522

46 Karpo the Poker (level 3, 34/34 HPs)
             Began as a Minotaur Berserker on Dec 15, 2021.
             Was a Follower of Trog.
             Quit the game on level 1 of the Dungeon on Dec 27, 2021.
             The game lasted 00:03:55 (1215 turns).

Karpo the Poker (Minotaur Berserker)                Turns: 1215, Time: 00:03:55

Health: 34/34      AC:  2    Str: 22    XL:     3   Next: 46%
Magic:  2/2        EV: 12    Int:  4    God:    Trog [*.....]
Gold:   27         SH:  0    Dex:  9    Spells: 2/2 levels left

rFire    . . .     SeeInvis .   a - +0 spear
rCold    . . .     Faith    .   (no shield)
rNeg     . . .     Spirit   .   b - +0 animal skin
rPois    .         Reflect  .   (helmet restricted)
rElec    .         Harm     .   (no cloak)
rCorr    .         Rampage  .   (no gloves)
Will     .....                  (no boots)
Stlth    +.........             (no amulet)
HPRegen  0.11/turn              (no ring)
MPRegen  0.08/turn              (no ring)

@: no status effects
A: horns 2, retaliatory headbutt
a: Renounce Religion, Berserk


You were on level 1 of the Dungeon.
You worshipped Trog.
Trog was aware of your devotion.
You visited 1 branch of the dungeon, and saw 2 of its levels.

You collected 27 gold pieces.

Inventory:

Hand Weapons
 a - a +0 spear (weapon)
Armour
 b - a +0 animal skin (worn)
 d - a scarf of harm
Scrolls
 c - a scroll of enchant armour {unknown}
 e - a scroll of silence {unknown}
 f - 3 scrolls of identify {unknown}


   Skills:
 + Level 4.4 Fighting
 + Level 4.5 Polearms
 - Level 2.6 Armour
 - Level 2.4 Dodging


You had 2 spell levels left.
You didn't know any spells.
Your spell library was empty.

Dungeon Overview and Level Annotations

Branches:
Dungeon (2/15)

Altars:


Innate Abilities, Weirdness & Mutations

You have a pair of horns on your head.
You reflexively headbutt those who attack you in melee.


Message History

The quokka bites you.
You hit the quokka but do no damage. You headbutt the quokka.
The quokka is heavily wounded.
The quokka bites you.
You hit the quokka. Your headbutt misses the quokka.
The quokka is severely wounded.
The quokka bites you but does no damage.
You hit the quokka.
You kill the quokka!
Trog accepts your kill.
Found 3 scrolls labelled ZAAWIE RAKLOF.
f - 3 scrolls labelled ZAAWIE RAKLOF You see here a ball python corpse.
You see here a ball python corpse.
There is an open door here.
There is an open door here.
A kobold comes into view.
It is wielding a +1 short sword of holy wrath.
The kobold shouts!
The kobold throws a stone.
The stone hits you but does no damage.
You hit the kobold.
The kobold is severely wounded.
The kobold hits you with a +1 short sword of holy wrath.
You closely miss the kobold.
The kobold is severely wounded.
The kobold hits you with a +1 short sword of holy wrath.
You hit the kobold.
You kill the kobold!
Trog accepts your kill.
No target in view!
No target in view!
Things that are here:
a +1 short sword of holy wrath; 3 stones
Things that are here:
a +1 short sword of holy wrath; 3 stones
There is an open door here.
Done exploring.
Done exploring.
Unknown command.
You aren't carrying any potions.
Are you sure you want to abandon this character and quit the game? (Confirm with "yes".)

#.## #.# #)# ###.#.# #.# #.#
#.###...#.# #.#
##.#####.........#
#.#########.........##.#####
#..............####.##.#
##########....#####.##.#
#.#..##.......#
#.#..##.##.#### #......@##.#
###..#####.# #######
#........# ......#
#.######## #####.# #.# # #.#
#.# #####.# ##.### #.....#
#....# #.###.#####..#.#


There were no monsters in sight!

Vanquished Creatures
  2 gnolls (D:1)
  2 dart slugs (D:1)
  2 bats (D:1)
  A giant cockroach (D:1)
  A goblin (D:1)
  2 jackals (D:1)
  3 kobolds (D:1)
  3 quokkas (D:1)
  4 ball pythons (D:1)
  A frilled lizard (D:1)
21 creatures vanquished.

Notes
Turn   | Place    | Note
-------+----------+-------------------------------------------
     0 | D:1      | Karpo the Minotaur Berserker began the quest for the Orb.
     0 | D:1      | Reached XP level 1. HP: 19/19 MP: 0/0
   450 | D:1      | Reached XP level 2. HP: 23/27 MP: 1/1
   748 | D:1      | Reached XP level 3. HP: 32/33 MP: 2/2
   843 | D:1      | Found a faded altar of an unknown god.
  1215 | D:1      | Quit the game

Illustrated notes

Levels and vault maps discovered:
D:1:      amcnicky_arrival_flooded_fountain, layout_loops_corners,
          basic_ecumenical_altar, st_stairs_6
D:2:      layout_loops_ring, kennysheep_another_room

Skill      XL: |  1 |
---------------+----+-----
Fighting       | 4 |  4.4
Polearms       | 4 |  4.5
Armour         | |  2.6
Dodging        | |  2.4

Action                   || total
-------------------------++-------
Melee: Spear             ||    62
       Headbutt          ||    12
Armor: Animal skin       ||     6
Dodge: Dodged            ||    23
